 Dungeon Sprint DCSS version 0.20.1-1-g8b1a95d (webtiles) character file.

5017 potatolord6000 the Fighter (level 10, -6/99 HPs)
             Began as a White Draconian Fighter on Aug 28, 2017.
             Was a Priest of Qazlal.
             Shot with an arrow by a deep elf archer (28 damage)
             ... in the Dungeon (Sprint V: "Ziggurat Sprint").
             The game lasted 00:04:36 (326 turns).

potatolord6000 the Fighter (White Draconian Fighter) Turns: 326, Time: 00:04:37

Health: -6/99      AC:  7    Str: 34    XL:     10   Next: 30%
Magic:  5/24       EV: 17    Int:  8    God:    Qazlal [***...]
Gold:   0          SH:  4    Dex: 11    Spells: 29/29 levels left

rFire    . . .     SeeInvis .   b - +2 sword of Power
rCold    + . .     Gourm    .   (shield currently unavailable)
rNeg     . . .     Faith    .   (armour unavailable)
rPois    .         Spirit   .   (helmet restricted)
rElec    .         Reflect  .   (no cloak)
rCorr    .         Harm     .   (no gloves)
MR       .....     NoTele   +   (no boots)
Stlth    +.........             (no amulet)
Regen    0.3/turn               n - +6 ring of strength
MPRegen  0.2/turn               o - +6 ring of strength

@: slowed, very slow
A: breathe frost, unfitting armour, cold resistance 1, cold-blooded, AC +7
a: Breathe Frost, Upheaval, Elemental Force, Renounce Religion


You were in the Dungeon.
You worshipped Qazlal.
Qazlal was most pleased with you.
You were not hungry.

You visited 1 branch

Inventory:

Hand Weapons
 b - the +2 sword of Power (weapon)
   (You found it in the Dungeon)
Jewellery
 n - a +6 ring of strength (left hand)
 o - a +6 ring of strength (right hand)
Scrolls
 j - 4 scrolls of blinking
 l - 4 scrolls of amnesia
 m - 3 scrolls of recharging
 p - 7 scrolls of fog
 q - a scroll of holy word
 r - 5 scrolls of identify
 s - 5 scrolls of remove curse
 t - 2 scrolls of fear
Potions
 c - 5 potions of might
 e - 8 potions of curing
 f - a potion of heal wounds
 g - 5 potions of haste
 h - 6 potions of magic
 i - 3 potions of berserk rage
 u - 2 potions of brilliance
 w - 4 potions of resistance
 z - 4 potions of agility
Comestibles
 a - 42 fruits
 d - 5 bread rations
 k - 4 meat rations


   Skills:
 + Level 12.4 Fighting
 + Level 11.2 Long Blades
 + Level 10.6 Dodging
   Level 3.0 Shields
 + Level 10.2 Spellcasting
 + Level 11.9 Invocations


You had 29 spell levels left.
You didn't know any spells.

Dungeon Overview and Level Annotations

Branches:
Dungeon (1/1)

Altars:
Ashenzari
Cheibriados
Dithmenos
Elyvilon
Fedhas
Gozag
Hepliaklqana
Kikubaaqudgha
Makhleb
Nemelex Xobeh
Okawaru
Qazlal
Ru
Sif Muna
Trog
Uskayaw
Vehumet
Xom
Yredelemnul
Zin
The Shining One
Beogh
Jiyva
Lugonu


Innate Abilities, Weirdness & Mutations

You can breathe waves of freezing cold.
You can buffet flying creatures when you breathe cold.
Your icy white scales are hard. (AC +7)
You cannot fit into any form of body armour.
Your flesh is cold resistant. (rC+)
You are cold-blooded and may be slowed by cold attacks.


Message History

Press: ? - help, Dir - move target cursor, f/p - deep elf mage
Aim: a deep elf mage, wielding a +3 flail of holy wrath (severely wounded)
A storm cloud blasts the area with cutting wind!
The cutting wind hits the deep elf mage.
You kill the deep elf mage!
Qazlal accepts your kill.
The storm surrounding you is powerful enough to repel missiles.
You adapt resistances upon receiving elemental damage.
The storm surrounding you is now too weak to repel missiles.
You no longer adapt resistances upon receiving elemental damage.
* * * LOW HITPOINT WARNING * * *
You feel very sick. The black mamba barely misses you.
The black mamba closely misses you.
You riposte.
You miss the black mamba.
The black mamba is moderately wounded.
The black mamba bites you but does no damage.
Unknown command.
You feel better. You block the black mamba's attack. x2
The deep elf archer shoots an arrow.
The arrow hits you!!
You die...

▓..|)[..▓
▓..):.).▓
▓.......▓
▓....§(.▓
▓.[.....▓
...ee..
▓.▓..S▓.▓
▓...@...▓
▓▓▓▓▓▓▓▓▓


You could see 2 deep elf archers and a black mamba.

Vanquished Creatures
  A centaur warrior (D)
  An orc knight (D)
  A deep elf archer (D)
  A wizard (D)
  A deep elf mage (D)
  4 ugly things (D)
  A yaktaur (D)
  A red devil (D)
  A blink frog (shapeshifter) (D)
  An air elemental (D)
  A naga (shapeshifter) (D)
  A sky beast (shapeshifter) (D)
  A quasit (D)
  A jelly (D)
  2 shadow imps (D)
  An ooze (D)
  An adder simulacrum (D)
21 creatures vanquished.

Notes
Turn   | Place    | Note
-------+----------+-------------------------------------------
     0 | D        | potatolord6000 the Draconian Fighter began the quest for the Orb.
     0 | D        | Reached XP level 1. HP: 19/19 MP: 1/1
     7 | D        | Found a blossoming altar of Fedhas.
     8 | D        | Found a transporter.
     8 | D        | Found a viscous altar of Jiyva.
     8 | D        | Found an ancient bone altar of Kikubaaqudgha.
     8 | D        | Found a hazy altar of Hepliaklqana.
     8 | D        | Found a corrupted altar of Lugonu.
     8 | D        | Found an opulent altar of Gozag.
     8 | D        | Found a burning altar of Makhleb.
    13 | D        | Found an iron altar of Okawaru.
    13 | D        | Found a stormy altar of Qazlal.
    13 | D        | Found a sparkling altar of Nemelex Xobeh.
    13 | D        | Found a sacrificial altar of Ru.
    13 | D        | Found a deep blue altar of Sif Muna.
    24 | D        | Found a bloodstained altar of Trog.
    56 | D        | Became a worshipper of Qazlal Stormbringer
    57 | D        | Reached skill level 4 in Fighting
    57 | D        | Reached XP level 2. HP: 28/28 MP: 1/5
   105 | D        | Entered arena 2.
   105 | D        | Found a transporter.
   107 | D        | Reached skill level 5 in Fighting
   107 | D        | Reached XP level 3. HP: 31/36 MP: 5/7
   113 | D        | Entered arena 3.
   113 | D        | Noticed a cyan ugly thing
   113 | D        | Noticed a brown ugly thing
   113 | D        | Noticed a green ugly thing
   113 | D        | Found a transporter.
   131 | D        | Killed a cyan ugly thing
   131 | D        | Reached * piety under Qazlal
   131 | D        | Reached skill level 7 in Fighting
   131 | D        | Reached skill level 5 in Spellcasting
   131 | D        | Reached XP level 4. HP: 39/48 MP: 7/11
   131 | D        | Reached XP level 5. HP: 43/53 MP: 8/13
   131 | D        | Reached XP level 6. HP: 49/61 MP: 8/14
   134 | D        | Killed a red ugly thing
   134 | D        | Reached skill level 9 in Fighting
   134 | D        | Your scales start taking on an icy white colour.
   134 | D        | Reached XP level 7. HP: 57/70 MP: 9/17
   134 | D        | Gained mutation: Your flesh is cold resistant. (rC+) [White Draconian growth]
   137 | D        | Killed a green ugly thing
   137 | D        | Reached XP level 8. HP: 65/79 MP: 9/19
   146 | D        | Entered arena 4.
   146 | D        | Noticed a red devil
   146 | D        | Found a transporter.
   151 | D        | Reached ** piety under Qazlal
   158 | D        | Killed a red devil
   158 | D        | Reached *** piety under Qazlal
   158 | D        | Reached skill level 10 in Fighting
   162 | D        | Got the ring "Eklam" {rPois rF+ Dex+4}
   166 | D        | Entered arena 5.
   166 | D        | Noticed a purple ugly thing
   166 | D        | Found a transporter.
   172 | D        | Noticed a blink frog
   172 | D        | an ogre changed into a blink frog
   173 | D        | Killed a white ugly thing
   173 | D        | Reached skill level 10 in Invocations
   173 | D        | Reached XP level 9. HP: 73/86 MP: 11/21
   186 | D        | Entered arena 6.
   186 | D        | Noticed a yaktaur
   186 | D        | Noticed an orc knight
   186 | D        | Noticed a wizard
   186 | D        | Noticed a centaur warrior
   186 | D        | Found a transporter.
   188 | D        | Killed a wizard
   188 | D        | Reached skill level 11 in Fighting
   188 | D        | Reached skill level 10 in Long Blades
   188 | D        | Killed a yaktaur
   188 | D        | Reached **** piety under Qazlal
   194 | D        | Killed an orc knight
   200 | D        | Killed a centaur warrior
   200 | D        | Reached skill level 12 in Fighting
   200 | D        | Reached skill level 10 in Dodging
   200 | D        | Reached XP level 10. HP: 68/97 MP: 8/23
   207 | D        | Got the ring "Aciomuqe" {rPois MR+ Int+8 Dex+2 Slay-2}
   316 | D        | Entered arena 7.
   316 | D        | Noticed a black mamba
   316 | D        | Noticed a deep elf archer
   316 | D        | Noticed a deep elf archer
   316 | D        | Noticed a deep elf archer
   316 | D        | Noticed a deep elf mage
   319 | D        | Killed a deep elf archer
   319 | D        | Reached skill level 10 in Spellcasting
   325 | D        | Killed a deep elf mage
   326 | D        | Shot with an arrow by a deep elf archer

Skill      XL: |  1  2  3  4  5  6  7  8  9 10 |
---------------+-------------------------------+-----
Fighting       | 4 5 7 9 10 12 | 12.4
Long Blades    | 3 4 6 7 8 9 10 11 | 11.2
Dodging        | 4 6 7 8 9 10 | 10.6
Spellcasting   | 2 3 5 6 7 8 9 10 | 10.2
Invocations    | 3 7 8 10 11 | 11.9
Shields        | |  3.0

Action                   |  1- 3 |  4- 6 |  7- 9 | 10-12 || total
-------------------------+-------+-------+-------+-------++-------
Melee: Great sword       |    12 |     3 |    22 |     2 ||    39
       Tailslap          |     4 |     1 |     7 |     1 ||    13
Invok: Upheaval          |       |       |     6 |     5 ||    11
 Abil: Breathe Frost     |       |       |     2 |       ||     2
  Use: Potion            |    10 |       |     5 |     3 ||    18
 Stab: Invisible         |       |     2 |     2 |       ||     4
Armor: Skin              |     2 |       |     1 |     1 ||     4
Dodge: Dodged            |    15 |     1 |    38 |    12 ||    66
       Deflected         |       |       |       |     2 ||     2
Block: Other             |       |       |     4 |     4 ||     8
       Rpst.: Great sword |     5 |     1 |     9 |     3 ||    18
